 Dungeon Crawl Stone Soup version 0.31-a0-233-g139696d (webtiles) character file.

Game seed: 3035726693578444512

30 hatwer the Insei (level 3, 0/27 HPs)
             Began as a Djinni Transmuter on July 9, 2023.
             Slain by Jessica
             ... wielding a +0 club
              (4 damage)
             ... on level 1 of the Dungeon.
             The game lasted 00:02:08 (1076 turns).

hatwer the Insei (Djinni Transmuter)                Turns: 1076, Time: 00:02:09

Health: 0/27       AC:  5    Str:  9    XL:     3   Next: 37%
Gold:   61         EV: 12    Int: 16    God:
                   SH:  0    Dex: 13

rFire   + +          .
                       - Unarmed
rCold   x . .        (no shield)
rNeg    . . .        a - +0 robe
rPois   ∞            (helmet currently unavailable)
rElec   .            (no cloak)
rCorr   .            g - +2 pair of gloves
SInv    .            (boots unavailable)
Will    .....        (no amulet)
Stlth   +            (no ring)
HPRegen 0.24/turn    (no ring)
MPRegen 0.00/turn

%: infuse magic (-1 HP)
@: appendages (expiring), flying
A: horns 2, flying, sickness immunity, fire resistance 2, cold vulnerability 1,
float, innate caster, HP casting, extra vitality 1
a: End Transformation


You were on level 1 of the Dungeon.
You had temporarily grown beastly horns.
You visited 1 branch of the dungeon, and saw 2 of its levels.

You collected 61 gold pieces.

Inventory:

Hand Weapons
 m - a +2 short sword of speed
Armour
 a - a +0 robe (worn)
 d - a +0 buckler
 g - a +2 pair of gloves (worn)
Scrolls
 c - a scroll of silence {unknown}
 h - 3 scrolls of immolation {unknown}
 j - a scroll of amnesia {unknown}
 l - a scroll of enchant armour {unknown}
Potions
 b - a potion of lignification
 e - a potion of resistance {unknown}
 f - a potion of invisibility {unknown}
 i - a potion of curing {unknown}
 k - a potion of berserk rage {unknown}


   Skills:
 + Level 1.4 Fighting
 + Level 2.5 Dodging
 * Level 3.4 Unarmed Combat
 + Level 2.3 Spellcasting
 + Level 2.3 Conjurations
 + Level 2.3 Hexes
 + Level 2.3 Summonings
 + Level 2.3 Necromancy
 + Level 2.3 Translocations
 + Level 2.3 Transmutations
 + Level 2.3 Fire Magic
 + Level 2.3 Ice Magic
 + Level 2.3 Air Magic
 + Level 2.3 Earth Magic
 + Level 2.3 Poison Magic


You knew the following spells:

 Your Spells              Type           Power      Damage    Failure   Level
a - Beastly Appendage     Tmut           18%        N/A       8%          1
b - Wereblood             Tmut           9%         N/A       12%         2
c - Spider Form           Tmut/Pois      9%         N/A       24%         3
d - Ice Form              Ice/Tmut       9%         N/A       61%         4
e - Foxfire               Conj/Fire      36%        2x1d5     8%          1
Your spell library was empty.

Dungeon Overview and Level Annotations

Branches:
Dungeon (2/15)

Altars:

Annotations:
D:1 Jessica


Innate Abilities, Weirdness & Mutations

You have temporarily grown beastly horns.
You are flying.
You are immune to sickness and miasma.
You are immune to poison.
Your flesh is very heat resistant. (rF++)
You are vulnerable to cold. (rC-)
You float through the air rather than walking.
You learn spells naturally, not from books.
Your magical power is your life essence.
You have superior vitality. (+4 MHP)


Message History

Unknown command.
Casting: Beastly Appendage (safe; 8% risk of failure)
Confirm with . or Enter, or press ? or * to list all spells.
You grow a pair of large bovine horns.
Unknown command.
Jessica casts a spell.
Jessica seems to speed up.
You fly upwards.
Your transformation is almost over.
There is a stone staircase leading down here.
Unknown command.
Unknown command.
You hit Jessica.
Jessica is lightly wounded.
Jessica drinks a potion.
Jessica seems to grow stronger.
You hit Jessica but do no damage.
Jessica is lightly wounded.
Jessica misses you.
You barely miss Jessica. You punch Jessica, but do no damage.
Jessica is lightly wounded.
Jessica hits you with a +0 club. Jessica hits you with a +0 club!
You hit Jessica. You headbutt Jessica, but do no damage.
Jessica is heavily wounded.
Jessica closely misses you.
You hit Jessica. You headbutt Jessica.
Jessica is severely wounded.
Jessica barely misses you.
Jessica points at you and mumbles some strange words.
Pain shoots through your body!
You are too injured to fight recklessly!
You are too injured to fight recklessly!
Unknown command.
You hit Jessica but do no damage.
Jessica is severely wounded.
Jessica hits you with a +0 club!
* * * LOW HITPOINT WARNING * * *
You closely miss Jessica.
Jessica is severely wounded.
Jessica hits you with a +0 club.
You die...

#.##...........
#.##...........
#.##...........
#####'##...........
#......#...........
######......#...........
#...........#...........
#.....@.....#...........
#......@................
#.......................
#..................#####
########................
#..........^####.
########...........####)
#.....##.............>#.
##.###.##..............#.
#≈.≈#..................#.


You could see Jessica (fast, strong).

Vanquished Creatures
  2 endoplasms (D:1)
  A giant cockroach (D:1)
  4 goblins (D:1)
  2 hobgoblins (D:1)
  2 jackals (D:1)
  2 quokkas (D:1)
  2 ball pythons (D:1)
  3 bats (D:1)
  3 frilled lizards (D:1)
  4 kobolds (D:1)
  5 rats (D:1)
30 creatures vanquished.

Notes
Turn   | Place    | Note
-------+----------+-------------------------------------------
     0 | D:1      | hatwer the Djinni Transmuter began the quest for the Orb.
     0 | D:1      | hatwer set off with the following spells memorised: Beastly
                  | Appendage, Wereblood, Spider Form, Ice Form.
     0 | D:1      | Reached XP level 1. HP: 17/17 MP: 0/0
   120 | D:1      | Reached XP level 2. HP: 19/22 MP: 0/0
   424 | D:1      | HP: 1/22 [endoplasm (1)]
   427 | D:1      | Reached XP level 3. HP: 2/27 MP: 0/0
   427 | D:1      | Learned a level 1 spell: Foxfire
  1065 | D:2      | Noticed Jessica
  1076 | D:1      | Slain by Jessica

Illustrated notes

Levels and vault maps discovered:
D:1:      onia_arrival_pyramid, layout_basic,
          amcnicky_mini_rare_corridor_liquid, corexii_hall_statues_u,
          minmay_misc_feat_pillars
D:2:      layout_loops_ring, ebering_ecumenical_altar_webs, uniq_jessica,
          uniq_crazy_yiuf_cottage, uniq_natasha

Action                     || total
---------------------------++-------
  Melee: Unarmed           ||   111
         Headbutt          ||    17
         Punch             ||     1
   Cast: Beastly Appendage ||    18
         Wereblood         ||     2
 Armour: Robe              ||    32
  Dodge: Dodged            ||    65

Table legend: (Time is in decaauts)
 A = Elapsed time spent in this place.
 B = Non-inter-level travel time spent in this place.
 C = Inter-level travel time spent in this place.
 D = Time resting spent in this place.
 E = Time spent auto-exploring this place.
 F = Levels seen in this place.
 G = Mean time per level.
                   A        B        C        D        E       F      G
               +--------+--------+--------+--------+--------+-----+--------+
         Total |   1069 |   1047 |     22 |    136 |    653 |   2 |  534.5 |
       Dungeon |   1069 |   1047 |     22 |    136 |    653 |   2 |  534.5 |
               +--------+--------+--------+--------+--------+-----+--------+

Top non-repeatable levels by time:
     D:1: 1065 daAuts
     D:2: 3 daAuts
